 Dungeon Crawl Stone Soup version 0.31.0-7-gf635a9b802 (webtiles) character file.

Game seed: 12375648036942051051

29273 glosham the Brawler (level 13, -12/133 HPs)
             Began as a Troll Enchanter on Jan 23, 2024.
             Was a Follower of Uskayaw.
             Mangled by a white ugly thing (24 damage)
             ... on level 14 of the Dungeon.
             The game lasted 02:50:39 (10647 turns).

glosham the Brawler (Troll Enchanter)              Turns: 10647, Time: 02:50:40

Health: -12/133    AC:  8    Str: 29    XL:     13   Next: 14%
Magic:  14/14      EV:  9    Int: 11    God:    Uskayaw [*.....]
Gold:   967        SH:  0    Dex: 10    Spells: 3/14 levels left

rFire   . .          .
                       - Unarmed
rCold   . . .        (no shield)
rNeg    + + +        X - +3 troll leather armour
rPois   .            (helmet restricted)
rElec   +            (no cloak)
rCorr   +            (gloves unavailable)
SInv    .            (boots unavailable)
Will    +....        z - amulet of magic regeneration
Stlth   +            A - ring of Skepticism {^Contam rElec rN+++ Will+ rCorr}
HPRegen 2.02/turn    B - +6 ring of strength
MPRegen 0.54/turn

%: no passive effects
@: about to teleport
A: large, unfitting armour, claws 3, regeneration 1, shaggy fur 1, tough skin 1
a: Renounce Religion, Stomp


You were on level 14 of the Dungeon.
You worshipped Uskayaw.
Uskayaw was noncommittal.
You visited 1 branch of the dungeon, and saw 14 of its levels.

You collected 1165 gold pieces.
You spent 198 gold pieces at shops.

Inventory:

Hand Weapons
 b - a +2 arbalest of draining
 I - a +3 scimitar of flaming
 T - the +8 flail of the Unspeakable One {elec, Int+3 Stlth+}
   (You found it on level 7 of the Dungeon)

   Int+3:     It affects your intelligence (+3).
   Stlth+:    It makes you more stealthy.
Missiles
 i - 11 javelins
 o - 40 poisoned darts (quivered)
 E - a curare-tipped dart
 L - 13 large rocks
 S - 6 boomerangs
Armour
 G - a +2 robe of willpower
 X - a +3 troll leather armour (worn)
Magical Staves
 V - a staff of conjuration
 Y - a staff of earth
Jewellery
 z - an amulet of magic regeneration (around neck)
 A - the ring of Skepticism (left claw) {^Contam rElec rN+++ Will+ rCorr}
   (You acquired it on level 11 of the Dungeon)

   [ring of resist corrosion]

   rElec:     It insulates you from electricity.
   rN+++:     It renders you almost immune to negative energy.
   Will+:     It increases your willpower.
   ^Contam:   It causes magical contamination when unequipped.
   rCorr:     It protects you from acid and corrosion.
 B - a +6 ring of strength (right claw)
 C - a ring of protection from cold
 D - a ring of fire
 M - a +6 ring of strength
 N - a ring of positive energy
 U - a ring of magical power
 Z - a ring of wizardry
Talismans
 P - a granite talisman
Wands
 f - a wand of flame (41)
 g - a wand of digging (6)
 q - a wand of paralysis (23)
 u - a wand of roots (14)
 Q - a wand of polymorph (10)
Scrolls
 c - 3 scrolls of poison
 k - 3 scrolls of teleportation
 l - 2 scrolls of blinking
 m - a scroll of fog
 n - 3 scrolls of fear
 p - 8 scrolls of identify
 t - 5 scrolls of vulnerability
 x - a scroll of amnesia
 J - 2 scrolls of brand weapon
 K - a scroll of revelation
 W - a scroll of silence
Potions
 a - a potion of cancellation
 e - 3 potions of mutation
 h - a potion of brilliance
 j - 2 potions of lignification
 r - 7 potions of curing
 s - 2 potions of heal wounds
 v - a potion of haste
 F - 2 potions of attraction
Miscellaneous
 w - a phial of floods
 y - a condenser vane
 H - a phantom mirror
 O - a lightning rod (4/4)
 R - a sack of spiders


   Skills:
 - Level 10.2 Fighting
 - Level 0.7 Short Blades
 - Level 1.5 Dodging
 - Level 1.5 Stealth
 - Level 18.2 Unarmed Combat
 - Level 1.2 Spellcasting
 - Level 2.0 Hexes
 * Level 3.5 Invocations


You had 3 spell levels left.
You knew the following spells:

 Your Spells              Type           Power      Damage    Failure   Level
b - Blink                 Tloc           0%         N/A       47%         2
c - Confusing Touch       Hex            5%         N/A       43%         3
m - Mephitic Cloud        Conj/Alch/Air  0%         N/A       71%         3
p - Passwall              Erth           0%         N/A       71%         3

Your spell library contained the following spells:

 Spells                   Type           Power      Damage    Failure   Level
 Slow                     Hex            20%        N/A       16%         1
 Kiss of Death            Conj/Necr      0%         2d5       34%         1
 Magic Dart               Conj           0%         1d3       34%         1
 Sandblast                Erth           0%         2d4       34%         1
 Ensorcelled Hibernation  Hex/Ice        4%         N/A       34%         2
 Sigil of Binding         Hex            5%         N/A       43%         3
 Tukima's Dance           Hex            5%         N/A       43%         3
 Lesser Beckoning         Tloc           0%         N/A       47%         2
 Momentum Strike          Conj/Tloc      0%         3d8       47%         2
 Scorch                   Fire           0%         2d5       47%         2
 Searing Ray              Conj           0%         2d4       47%         2
 Dazzling Flash           Conj/Hex       4%         N/A       56%         3
 Inner Flame              Hex/Fire       2%         N/A       56%         3
 Fugue of the Fallen      Necr           0%         N/A       71%         3
 Ozocubu's Armour         Ice            0%         N/A       71%         3
 Stone Arrow              Conj/Erth      0%         3d7       71%         3
 Vampiric Draining        Necr           0%         2d6       71%         3
 Volatile Blastmotes      Fire/Tloc      0%         2d10      71%         3
 Brom's Barrelling Bould  Conj/Erth      0%         2d3       98%         4
 Dispel Undead            Necr           0%         3d6       98%         4
 Flame Wave               Conj/Fire      0%         2d4       98%         4
 Fulminant Prism          Conj/Alch      0%         3d5       98%         4
 Iskenderun's Mystic Bla  Conj/Tloc      0%         2d3       98%         4
 Manifold Assault         Tloc           0%         N/A       98%         4
 Passage of Golubria      Tloc           0%         N/A       98%         4
 Sticky Flame             Fire/Alch      0%         2d4       98%         4
 Curse of Agony           Necr           0%         N/A       100%        5
 Fireball                 Conj/Fire      0%         3d3       100%        5
 Iskenderun's Battlesphe  Conj           0%         2d6       100%        5
 Silence                  Hex/Air        1%         N/A       100%        5
 Conjure Ball Lightning   Conj/Air       0%         3x3d6     100%        6
 Summon Cactus Giant      Summ           0%         N/A       100%        6
 Orb of Destruction       Conj           0%         9d5       100%        7
 Lehudib's Crystal Spear  Conj/Erth      0%         10d2      100%        8


Dungeon Overview and Level Annotations

Branches:
Dungeon (14/15)            Temple (0/1) D:5            Lair (0/5) D:11
    Orc (0/2) D:10         Vaults (0/5) D:13

Altars:
Qazlal
Ru
Uskayaw
Jiyva

Shops:
D:2 (   D:4 :


Innate Abilities, Weirdness & Mutations

You are too large for most types of armour.
You have claws for hands.
Your natural rate of healing is unusually fast.
You are covered in fur. (AC +1)
You have tough skin. (AC +1)


Message History

Uskayaw will force your foes to helplessly watch your dance.
Uskayaw prepares the audience for your solo!
The helpless fire elemental fails to defend itself.
You eviscerate the fire elemental!!!
You destroy the fire elemental!
You can no longer pass through a line of other dancers. 2 white ugly things come into view.
The white ugly thing gurgles horribly!
A white ugly thing comes into view.
The white ugly thing is attracted toward you. x3
Okay, then.
As you read the scroll of teleportation, it crumbles to dust.
You feel strangely unstable.
The white ugly thing gurgles horribly!
The white ugly thing gores you. The white ugly thing freezes you!!
The white ugly thing is attracted toward you. x2
You feel less attractive to monsters.
Cast which spell? (? or * to list)
Okay, then.
You feel much better.
The white ugly thing tentacle-slaps you!
The white ugly thing freezes you!!
The white ugly thing gores you but does no damage.
You feel much better.
The white ugly thing tentacle-slaps you!
The white ugly thing freezes you!!
* * * LOW HITPOINT WARNING * * *
The white ugly thing gores you.
* * * LOW HITPOINT WARNING * * *
The white ugly thing freezes you!
* * * LOW HITPOINT WARNING * * *
You feel much better.
The white ugly thing basks in the mutagenic energy from its kin and changes!
The white ugly thing tentacle-slaps you.
The white ugly thing freezes you!!
* * * LOW HITPOINT WARNING * * *
The white ugly thing gores you.
* * * LOW HITPOINT WARNING * * *
The white ugly thing freezes you!!
You die...

###### ########...## .....#
#................ .....#
#................
.....###[...............
........................
........................ #####
................u....... #...#
................uu...... ...#...#
................@########...#...#
.................#......# ..#...#
...###'####......#......# ..#...#
...#......#......#......###.#...#
...#.....##......#........#.#...#
...#.....#.......#........#.#...#
...#.....#.......#........#.'...#
...#.....#.......#######'##.###'#
...###)###.†.....................


You could see 3 ugly things.

Vanquished Creatures
  An ironbound preserver (D:13)
  Azrael (D:14)
  The ghost of Vorhees the Grappler, a journeyman TrSh of Elyvilon (D:11)
  Erica (D:9)
  3 centaur warriors (D:13)
  5 boulder beetles
  2 two-headed ogres
  A glowing orange brain (D:10)
  A deep elf pyromancer (D:13)
  An orc knight (D:13)
  2 ugly things (D:13)
  4 manticores
  4 cyclopes
  A wolf spider (D:13)
  An ice statue (D:7)
  An unseen horror (D:10)
  6 kobold demonologists
  4 gargoyles
  A komodo dragon (D:12)
  3 trolls
  A wind drake (shapeshifter) (D:13)
  A hornet (D:8)
  2 slime creatures (D:10)
  A centaur simulacrum (D:13)
  4 wraiths
  14 yaks
  4 wyverns
  3 fire elementals (D:14)
  A basilisk (D:11)
  A steam dragon (D:9)
  9 vampire mosquitoes
  2 water moccasins
  An acid dragon (D:12)
  3 hell hounds
  An ice beast (D:6)
  3 orc warriors
  2 sky beasts
  A black bear (D:11)
  3 wolves (D:11)
  2 ogres
  4 centaurs
  5 kobold brigands
  4 bullfrogs
  3 gnoll sergeants
  5 scorpions
  6 wights
  11 killer bees
  11 howler monkeys
  A bombardier beetle (D:3)
  A gnoll bouda (D:4)
  3 orc priests
  2 hounds
  4 jellies
  Jessica (D:3)
  A sleepcap (D:6)
  3 iguanas
  5 orc wizards
  Robin (D:4)
  10 gnolls
  13 adders
  2 shadow imps
  2 white imps
  2 dart slugs
  3 ribbon worms
  30 orcs
  A bat (D:1)
  9 endoplasms
  A giant cockroach (D:2)
  22 goblins
  14 hobgoblins
  4 jackals (D:3)
  3 quokkas
  7 ball pythons
  A frilled lizard (D:1)
  19 kobolds
  2 rats
319 creatures vanquished.

Notes
Turn   | Place    | Note
-------+----------+-------------------------------------------
     0 | D:1      | glosham the Troll Enchanter began the quest for the Orb.
     0 | D:1      | Reached XP level 1. HP: 16/16 MP: 1/1
    56 | D:1      | Found a faded altar of an unknown god.
    64 | D:1      | Prayed at the altar of an unknown god.
    64 | D:1      | Became a worshipper of Uskayaw the Reveller
    64 | D:1      | Reached * piety under Uskayaw
    75 | D:1      | Reached ** piety under Uskayaw
   132 | D:1      | Reached skill level 1 in Unarmed Combat
   182 | D:1      | Reached XP level 2. HP: 11/26 MP: 2/2
   218 | D:1      | Reached skill level 1 in Fighting
   637 | D:2      | Reached XP level 3. HP: 29/33 MP: 3/3
   637 | D:2      | Reached *** piety under Uskayaw
   641 | D:2      | Reached skill level 2 in Unarmed Combat
   703 | D:2      | Found Hehopur's Weapon Shoppe.
   956 | D:2      | You fall into a shaft and drop 1 floor!
  1040 | D:2      | Reached XP level 4. HP: 38/42 MP: 4/4
  1372 | D:3      | Reached skill level 3 in Unarmed Combat
  1394 | D:3      | Reached XP level 5. HP: 50/50 MP: 5/5
  1859 | D:3      | Noticed Jessica
  1890 | D:3      | Killed Jessica
  1891 | D:3      | Reached skill level 4 in Unarmed Combat
  2035 | D:4      | Reached skill level 3 in Fighting
  2048 | D:4      | Reached XP level 6. HP: 61/61 MP: 6/6
  2071 | D:4      | Found Ynyahats's Book Shop.
  2304 | D:4      | Noticed Robin
  2330 | D:4      | Reached skill level 5 in Unarmed Combat
  2333 | D:4      | Killed Robin
  2636 | D:5      | Entered Level 5 of the Dungeon
  2662 | D:5      | Reached XP level 7. HP: 51/67 MP: 7/7
  2755 | D:5      | Reached skill level 6 in Unarmed Combat
  2797 | D:5      | Reached **** piety under Uskayaw
  2884 | D:5      | Found a staircase to the Ecumenical Temple.
  3156 | D:6      | Reached skill level 7 in Unarmed Combat
  3161 | D:6      | Reached XP level 8. HP: 37/79 MP: 8/8
  3387 | D:6      | Reached skill level 8 in Unarmed Combat
  3653 | D:6      | Learned a level 3 spell: Confusing Touch
  3695 | D:6      | Found a sacrificial altar of Ru.
  4004 | D:7      | Reached skill level 9 in Unarmed Combat
  4007 | D:7      | Reached ***** piety under Uskayaw
  4019 | D:7      | Noticed an ice statue
  4078 | D:7      | Reached ****** piety under Uskayaw
  4200 | D:7      | Reached XP level 9. HP: 59/89 MP: 9/9
  4287 | D:7      | Killed an ice statue
  4288 | D:7      | Reached skill level 6 in Fighting
  4467 | D:7      | Found a stormy altar of Qazlal.
  4652 | D:7      | Reached skill level 10 in Unarmed Combat
  4746 | D:8      | Noticed a two-headed ogre
  4791 | D:8      | Noticed a kobold demonologist
  4828 | D:8      | Killed a two-headed ogre
  4829 | D:8      | Reached skill level 11 in Unarmed Combat
  4948 | D:8      | Killed a kobold demonologist
  4949 | D:8      | Reached XP level 10. HP: 102/102 MP: 10/10
  5299 | D:8      | Learned a level 3 spell: Passwall
  5634 | D:4      | Bought a book of Spatial Translocations for 198 gold pieces
  5637 | D:4      | Learned a level 2 spell: Blink
  5726 | D:7      | Identified the +8 flail of the Unspeakable One {elec, Int+3
                  | Stlth+}
  5811 | D:8      | Reached skill level 12 in Unarmed Combat
  5863 | D:9      | Identified the +2 leather armour "Niuf" {Rampage +Blink
                  | rElec Str-2}
  5868 | D:9      | Learned a level 3 spell: Mephitic Cloud
  6442 | D:9      | Noticed Erica
  6451 | D:9      | Killed Erica
  6452 | D:9      | Reached skill level 13 in Unarmed Combat
  6739 | D:9      | Noticed a boulder beetle
  6744 | D:9      | Killed a boulder beetle
  6799 | D:10     | Entered Level 10 of the Dungeon
  6820 | D:10     | Reached XP level 11. HP: 94/113 MP: 11/11
  7042 | D:10     | Found a runed translucent gate.
  7042 | D:10     | Found a runed translucent gate.
  7042 | D:10     | Found a runed translucent gate.
  7043 | D:10     | Found a viscous altar of Jiyva.
  7043 | D:10     | Noticed Vorhees's ghost (journeyman TrSh)
  7043 | D:10     | Noticed a glowing orange brain
  7051 | D:10     | Noticed a sixfirhy
  7151 | D:10     | Reached skill level 14 in Unarmed Combat
  7429 | D:10     | Found a staircase to the Orcish Mines.
  7503 | D:10     | Reached skill level 9 in Fighting
  7545 | D:11     | Killed Vorhees's ghost
  7556 | D:10     | Killed a glowing orange brain
  7818 | D:11     | Identified a scroll of acquirement
  7819 | D:11     | Acquired the ring of Skepticism {^Contam rElec rN+++ Will+
                  | rCorr}
  7973 | D:11     | Found a staircase to the Lair.
  7981 | D:11     | Reached skill level 15 in Unarmed Combat
  8043 | D:11     | Noticed a two-headed ogre
  8051 | D:11     | Killed a two-headed ogre
  8170 | D:11     | Noticed a boulder beetle
  8178 | D:11     | Killed a boulder beetle
  8412 | D:11     | Reached XP level 12. HP: 113/126 MP: 12/12
  8844 | D:12     | Noticed a boulder beetle
  8863 | D:12     | Killed a boulder beetle
  8864 | D:12     | Reached skill level 16 in Unarmed Combat
  9580 | D:13     | Noticed a centaur warrior
  9595 | D:13     | Killed a centaur warrior
  9596 | D:13     | Reached skill level 17 in Unarmed Combat
  9611 | D:13     | Noticed a centaur warrior
  9621 | D:13     | Killed a centaur warrior
  9788 | D:13     | Noticed a centaur warrior
  9798 | D:13     | Killed a centaur warrior
 10007 | D:13     | Noticed a boulder beetle
 10013 | D:13     | Killed a boulder beetle
 10017 | D:13     | Reached skill level 18 in Unarmed Combat
 10049 | D:13     | Noticed an ironbound preserver
 10062 | D:13     | Killed an ironbound preserver
 10063 | D:13     | Reached XP level 13. HP: 88/133 MP: 13/13
 10063 | D:13     | Found a gate to the Vaults.
 10369 | D:14     | Reached skill level 1 in Invocations
 10581 | D:14     | Noticed Azrael
 10623 | D:14     | Killed Azrael
 10624 | D:14     | Reached skill level 3 in Invocations
 10647 | D:14     | HP: 12/133 [white ugly thing (2)]
 10647 | D:14     | Mangled by a white ugly thing

Illustrated notes

Levels and vault maps discovered:
D:1:      onia_arrival_mini_spirals, layout_loops_cross,
          hellmonk_ecumenical_altar_arch_garden, corexii_corridor_pit,
          minmay_misc_feat_roman, minmay_heptomino_l4
D:2:      layout_loops_ring, serial_shops, shop, st_stairs_3
D:3:      layout_basic, kennysheep_generic_room_3, uniq_jessica
D:4:      layout_basic, serial_shops, shop, st_stairs_10, minmay_cut_off,
          uniq_robin
D:5:      layout_rooms, temple_fountains, serial_park_tiny_pond
D:6:      layout_gridville, hangedman_ru_absence
D:7:      lemuel_ice_statue, layout_basic, nicolae_qazlal_general_emergency
D:8:      layout_basic, minivault_21, minmay_puff
D:9:      layout_stronghold, minivault_22, nzn_sisyphean_effort, uniq_erica
D:10:     layout_basic, orc_0_dummy, gammafunk_ghost_ooze, minmay_misc_feat_x
D:11:     layout_stronghold, minmay_lair_entry_grove
D:12:     layout_long_grid
D:13:     minmay_cut_squares, layout_loops_cross,
          skrybe_vaults_entry_preservation
D:14:     layout_irregular_city, amcnicky_mini_pool_small, uniq_kirke,
          uniq_azrael

Skill      XL: |  1  2  3  4  5  6  7  8  9 10 11 12 13 |
---------------+----------------------------------------+-----
Unarmed Combat | 1 2 3 4 5 7 9 11 13 15 18 | 18.2
Fighting       | 1 2 3 4 5 7 8 9 10 | 10.2
Invocations    | 3 |  3.5
Short Blades   | |  0.7
Dodging        | |  1.5
Stealth        | |  1.5
Spellcasting   | |  1.2
Hexes          | |  2.0

Action                     |  1- 3 |  4- 6 |  7- 9 | 10-12 | 13-15 || total
---------------------------+-------+-------+-------+-------+-------++-------
  Melee: Dagger            |    32 |       |       |       |       ||    32
         Unarmed           |    92 |   172 |   243 |   393 |    38 ||   938
         Punch             |     1 |     3 |     4 |    36 |     3 ||    47
   Fire: Sling             |     3 |       |       |       |       ||     3
         Arbalest          |       |       |    44 |     9 |       ||    53
  Throw: Dart              |       |       |     3 |    12 |       ||    15
   Cast: Passwall          |       |       |       |     3 |       ||     3
         Mephitic Cloud    |       |       |       |     1 |       ||     1
         Blink             |       |       |       |     1 |       ||     1
  Evoke: Wand              |       |     1 |     6 |     3 |       ||    10
         Phantom mirror    |       |       |       |     1 |       ||     1
    Use: Scroll            |     4 |     7 |     7 |     7 |     5 ||    30
         Potion            |       |       |     5 |     9 |     4 ||    18
   Stab: Sleeping          |     5 |     3 |     3 |     1 |       ||    12
         Paralysed         |     1 |     1 |     8 |    16 |     1 ||    27
         Invisible         |       |       |     1 |     1 |       ||     2
         Distracted        |       |       |       |     1 |       ||     1
 Armour: Robe              |    73 |    81 |   142 |   278 |     9 ||   583
         Troll leather arm |       |       |       |       |    34 ||    34
  Dodge: Dodged            |    42 |    66 |    85 |   134 |     5 ||   332

Table legend: (Time is in decaauts)
 A = Elapsed time spent in this place.
 B = Non-inter-level travel time spent in this place.
 C = Inter-level travel time spent in this place.
 D = Time resting spent in this place.
 E = Time spent auto-exploring this place.
 F = Levels seen in this place.
 G = Mean time per level.
                   A        B        C        D        E       F      G
               +--------+--------+--------+--------+--------+-----+--------+
         Total |  10494 |   9200 |   1294 |    118 |      0 |  14 |  749.6 |
       Dungeon |  10494 |   9200 |   1294 |    118 |      0 |  14 |  749.6 |
               +--------+--------+--------+--------+--------+-----+--------+

Top non-repeatable levels by time:
    D:11: 984 daAuts
     D:9: 974 daAuts
     D:7: 904 daAuts
     D:8: 850 daAuts
     D:6: 828 daAuts
    D:10: 796 daAuts
    D:13: 768 daAuts
     D:3: 734 daAuts
    D:12: 720 daAuts
     D:1: 658 daAuts
     D:4: 644 daAuts
     D:2: 642 daAuts
     D:5: 501 daAuts
    D:14: 485 daAuts

Table legend:
 A = Kills in this place as a percentage of kills in the entire game.
 B = Kills by you in this place as a percentage of kills by you in the entire game.
 C = Kills by friends in this place as a percentage of kills by friends in the entire game.
 D = Other kills in this place as a percentage of other kills in the entire game.
 E = Experience gained in this place as a percentage of experience gained in the entire game.
 F = Experience gained in this place divided by the number of levels of this place that you have seen.
                   A       B       C       D       E      F
               +-------+-------+-------+-------+-------+----------------------
         Total | 100.0 | 100.0 |   N/A |   N/A | 100.0 | 2987.1
       Dungeon | 100.0 | 100.0 |   N/A |   N/A | 100.0 | 2987.1
               +-------+-------+-------+-------+-------+----------------------

Levels and vault maps discovered:
D:1:      onia_arrival_mini_spirals, layout_loops_cross,
          hellmonk_ecumenical_altar_arch_garden, corexii_corridor_pit,
          minmay_misc_feat_roman, minmay_heptomino_l4
D:2:      layout_loops_ring, serial_shops, shop, st_stairs_3
D:3:      layout_basic, kennysheep_generic_room_3, uniq_jessica
D:4:      layout_basic, serial_shops, shop, st_stairs_10, minmay_cut_off,
          uniq_robin
D:5:      layout_rooms, temple_fountains, serial_park_tiny_pond
D:6:      layout_gridville, hangedman_ru_absence
D:7:      lemuel_ice_statue, layout_basic, nicolae_qazlal_general_emergency
D:8:      layout_basic, minivault_21, minmay_puff
D:9:      layout_stronghold, minivault_22, nzn_sisyphean_effort, uniq_erica
D:10:     layout_basic, orc_0_dummy, gammafunk_ghost_ooze, minmay_misc_feat_x
D:11:     layout_stronghold, minmay_lair_entry_grove
D:12:     layout_long_grid
D:13:     minmay_cut_squares, layout_loops_cross,
          skrybe_vaults_entry_preservation
D:14:     layout_irregular_city, amcnicky_mini_pool_small, uniq_kirke,
          uniq_azrael
